 Dungeon Crawl Stone Soup version 0.19-a0-722-g27ac516 (webtiles) character file.

167 mopl the Ruffian (level 5, 0/44 HPs)
             Began as a Naga Transmuter on June 21, 2016.
             Slain by a wight
             ... wielding a +1 halberd
              (15 damage)
             ... on level 3 of the Dungeon.
             The game lasted 00:05:32 (2560 turns).

mopl the Ruffian (Naga Transmuter)                  Turns: 2560, Time: 00:05:34

Health: 0/44       AC:  2    Str: 12    XL:     5   Next: 48%
Magic:  6/8        EV: 19    Int: 15    God:
Gold:   118        SH:  0    Dex: 16    Spells: 2 memorised, 3 levels left

rFire  . . .     SeeInvis +       - Unarmed
rCold  . . .     Gourm    .     (armour currently unavailable)
rNeg   + . .     Faith    .     (shield currently unavailable)
rPois  x         Spirit   .     (helmet currently unavailable)
rElec  .         Dismiss  .     (cloak currently unavailable)
rCorr  .         Reflect  .     (gloves currently unavailable)
SustAt .         Harm     .     (no barding)
MR     .....                    (no amulet)
Stlth  +.........               (no ring)
                                p - ring of positive energy

@: spider-form (expiring), drained, not resistant to hostile enchantments, very
unstealthy
A: see invisible, (deformed body), (poison resistance), (slowness 0), slow
metabolism 1, spit poison 2, AC +1
a: Spit Poison, End Transformation


You were on level 3 of the Dungeon.
You were not hungry.
You were a venomous arachnid creature.
You visited 1 branch of the dungeon, and saw 3 of its levels.

You collected 118 gold pieces.

Inventory:

Missiles
 a - 45 arrows
Armour
 b - a +0 robe (melded)
Jewellery
 i - an uncursed ring of poison resistance
 o - an uncursed ring of fire
 p - a ring of positive energy (left front leg)
Scrolls
 e - a scroll of enchant weapon {unknown}
 f - a scroll of random uselessness {unknown}
 g - a scroll of enchant armour {unknown}
 h - 2 scrolls of amnesia
 l - a scroll of fear {unknown}
 m - 2 scrolls of blinking
 q - a scroll of remove curse {unknown}
Potions
 j - 2 potions of magic {unknown}
 k - a potion of might {unknown}
Books
 c - a book of Changes

   Spells                             Type                      Level
   a - Beastly Appendage              Transmutation                1
   b - Sticks to Snakes               Transmutation                2
   c - Spider Form                    Transmutation/Poison         3
   d - Ice Form                       Ice/Transmutation            4
   e - Blade Hands                    Transmutation                5
Comestibles
 d - 5 bread rations
 n - 5 chunks of flesh


   Skills:
 + Level 1.3(1.1) Fighting
 + Level 1.7(1.6) Dodging
 * Level 5.0(4.8) Unarmed Combat
 - Level 2.0(1.8) Spellcasting
 - Level 3.0(2.8) Transmutations
 - Level 2.0(1.8) Poison Magic


You had 3 spell levels left.
You knew the following spells:

 Your Spells              Type           Power        Failure   Level  Hunger
b - Spider Form           Tmut/Pois      #.........   52%         3    ####...
w - Sticks to Snakes      Tmut           #.......     28%         2    ###....


Dungeon Overview and Level Annotations

Branches:
Dungeon (3/15)

Altars:
Elyvilon
Pakellas


Innate Abilities, Weirdness & Mutations

You cannot wear boots.
((Your serpentine skin is tough. (AC +1)))
You have supernaturally acute eyesight. (SInv)
((Armour fits poorly on your strangely shaped body.))
((Your system is resistant to poisons. (rPois)))
((You cover ground very slowly.))
You have a slow metabolism.
You can spit poison.


Message History

The wight hits you from afar with an enchanted halberd.
A wight comes into view. It is wielding a battleaxe.
Your transformation is almost over.
The wight hits you with an enchanted halberd.
You partially resist.
You feel drained.
The wight moves out of view.
Found a stone staircase leading down.
Things that are here:
a battleaxe of freezing; a robe You hit the wight.
The wight is moderately damaged.
The wight closely misses you.
You hit the wight.
The wight is moderately damaged.
The wight closely misses you.
You barely miss the wight.
The wight is moderately damaged.
You hit the wight but do no damage.
The wight is moderately damaged.
The wight hits you with an enchanted halberd!
You die...

.>..... ..... .....
... .z. #.# #z# .#.
#s# ...# ######.####
#... [...(......# #..#
##.#######.# #..# #.#
#.# #..# #.# #.#
###..#####.# #.#
#..........#######.###
#....#####...........#


You could see 2 wights.

Vanquished Creatures
  A wight (D:3)
  4 adders
  A gnoll (D:2)
  An ooze (D:3)
  3 dart slugs (D:1)
  2 giant geckos
  An orc (D:3)
  7 bats
  3 giant cockroaches
  10 goblins
  10 hobgoblins
  4 jackals
  A quokka (D:2)
  2 giant newts (D:1)
  7 kobolds
  5 rats
62 creatures vanquished.

Notes
Turn   | Place    | Note
--------------------------------------------------------------
     0 | D:1      | mopl the Naga Transmuter began the quest for the Orb.
     0 | D:1      | Reached XP level 1. HP: 18/18 MP: 3/3
   198 | D:1      | Reached XP level 2. HP: 17/25 MP: 5/5
   202 | D:1      | Learned a level 2 spell: Sticks to Snakes
   773 | D:1      | Reached XP level 3. HP: 29/31 MP: 4/6
  1146 | D:1      | Learned a level 3 spell: Spider Form
  1242 | D:2      | Reached skill level 4 in Unarmed Combat
  1435 | D:2      | Reached XP level 4. HP: 36/38 MP: 5/7
  1437 | D:2      | Reached skill level 1 in Poison Magic
  1621 | D:2      | Reached skill level 3 in Transmutations
  1626 | D:2      | Found a white marble altar of Elyvilon.
  1655 | D:2      | Found an oddly glowing altar of Pakellas.
  2426 | D:3      | Reached skill level 2 in Poison Magic
  2426 | D:3      | Reached XP level 5. HP: 31/44 MP: 8/8
  2553 | D:3      | Reached skill level 5 in Unarmed Combat
  2560 | D:3      | Slain by a wight

Vault maps used:
D:1:      dpeg_arrival_shelter, serial_park_tiny_1
D:2:      grunt_pakellas_salt, elyvilon_altar_5, first_bread, minmay_quantized
D:3:      okawaru_altar_gauntlet_db, lemuel_coloured_pillars_altar,
          grunt_gozag_statues

Skill      XL: |  1  2  3  4  5 |
---------------+----------------+-----
Unarmed Combat | 4 5 |  5.0
Poison Magic   | 2 |  2.0
Transmutations | 3 |  3.0
Fighting       | |  1.3
Dodging        | |  1.7
Spellcasting   | |  2.0

Action                   |  1- 3 |  4- 6 || total
-------------------------+-------+-------++-------
Melee: Unarmed           |    60 |    88 ||   148
       Headbutt          |     6 |     7 ||    13
       Punch             |       |     1 ||     1
 Cast: Beastly Appendage |    16 |     8 ||    24
       Spider Form       |       |     1 ||     1
 Abil: Spit Poison       |    15 |     5 ||    20
  Use: Scroll            |       |     2 ||     2
 Stab: Sleeping          |       |     2 ||     2
  Eat: Chunk             |     2 |     4 ||     6
Armor: Robe              |    13 |    11 ||    24
Dodge: Dodged            |    41 |    45 ||    86
